 Dungeon Crawl Stone Soup version 0.32-a0-918-g0f22ef8d61 (webtiles) character file.

Game seed: 7930299564796880697

194 Spelguru the Apothecary (level 5, -13/36 HPs)
             Began as a Coglin Alchemist on Apr 11, 2024.
             Mangled by Menkaure (15 damage)
             ... on level 4 of the Dungeon.
             The game lasted 00:14:26 (3219 turns).

Spelguru the Apothecary (Coglin Alchemist)          Turns: 3219, Time: 00:14:26

Health: -13/36     AC:  5    Str:  8    XL:     5   Next: 73%
Magic:  8/8        EV: 11    Int: 15    God:
Gold:   93         SH:  0    Dex: 16    Spells: 1/8 levels left

rFire   + . .        c - +2 dagger (speed) {Sanghe}
rCold   . . .        e - staff of fire {Ermengarde}
rNeg    . . .        a - +0 robe
rPois   .            d - +0 helmet
rElec   .            o - +0 cloak
rCorr   .            j - +0 pair of gloves
SInv    .            (no boots)
Will    .....        (amulet unavailable)
Stlth   ++           (ring unavailable)
HPRegen 0.26/turn    (ring unavailable)
MPRegen 0.11/turn    (no gizmo)

%: no passive effects
@: revved
A: off-hand wielding, slow wielding, warmup strikes, no jewellery
a: Invent Gizmo


You were on level 4 of the Dungeon.
You visited 1 branch of the dungeon, and saw 4 of its levels.

You collected 93 gold pieces.

Inventory:

Hand Weapons
 c - a +2 dagger of speed (weapon) {Sanghe}
Missiles
 g - 2 throwing nets
Armour
 a - a +0 robe (worn)
 d - a +0 helmet (worn)
 i - a +0 robe
 j - a +0 pair of gloves (worn)
 o - a +0 cloak (worn)
Magical Staves
 e - a staff of fire (offhand) {Ermengarde}
Talismans
 h - a beast talisman
Scrolls
 f - 2 scrolls of identify
 p - a scroll of amnesia
 q - a scroll of teleportation
 s - a scroll of torment {unknown}
Potions
 b - a potion of magic
 k - a potion of lignification
 l - 2 potions of cancellation
 m - 2 potions of might {unknown}
 n - a potion of curing {unknown}
 r - a potion of heal wounds {unknown}
 t - a potion of haste {unknown}


   Skills:
 + Level 0.9 Fighting
 + Level 1.3 Short Blades
 * Level 2.0 Staves
 + Level 2.3 Dodging
 + Level 2.3 Stealth
 + Level 2.2 Spellcasting
 + Level 1.3 Conjurations
 + Level 4.2 Alchemy


You had one spell level left.
You knew the following spells:

 Your Spells              Type           Power      Damage    Failure   Level
a - Sting                 Conj/Alch      40%        1d5       7%          1
b - Mercury Vapours       Alch/Air       16%        N/A       14%         2
c - Olgreb's Toxic Radia  Alch           14%        N/A       36%         4

Your spell library contained the following spells:

 Spells                   Type           Power      Damage    Failure   Level
 Mephitic Cloud           Conj/Alch/Air  7%         N/A       30%         3
 Sticky Flame             Fire/Alch      12%        2d5       65%         4


Dungeon Overview and Level Annotations

Branches:
Dungeon (4/15)
 Temple: D:4-7

Altars:
Nemelex Xobeh
Wu Jian

Shops:
D:1 =

Annotations:
D:4 Menkaure


Innate Abilities, Weirdness & Mutations

You can wield a second weapon in your off-hand.
It takes a long time for you to wield or remove held weapons.
Your first few attacks do less damage.
You cannot equip rings or amulets.


Message History

You hit Menkaure but do no damage.
You hit Menkaure with your +2 dagger of speed.
Menkaure closely misses you.
You hit Menkaure with your staff of fire.
Menkaure is lightly damaged.
You completely miss Menkaure with your +2 dagger of speed.
Menkaure gestures at you while chanting.
Pain shoots through your body!
You hit Menkaure but do no damage.
Menkaure is lightly damaged.
You hit Menkaure but do no damage. Menkaure misses you.
You hit Menkaure but do no damage.
Menkaure is lightly damaged.
You hit Menkaure with your staff of fire.
Menkaure barely misses you.
You hit Menkaure with your staff of fire.
Menkaure is moderately damaged.
You hit Menkaure with your +2 dagger of speed.
Menkaure closely misses you.
You hit Menkaure but do no damage.
Menkaure is heavily damaged.
You barely miss Menkaure with your staff of fire.
Menkaure barely misses you.
You hit Menkaure with your +2 dagger of speed.
Menkaure is heavily damaged.
You hit Menkaure but do no damage. Menkaure misses you.
You hit Menkaure with your +2 dagger of speed.
Menkaure is severely damaged.
You hit Menkaure but do no damage. Menkaure hits you!!
Ouch! That really hurt!
* * * LOW HITPOINT WARNING * * *
You hit Menkaure but do no damage.
Menkaure is severely damaged.
You hit Menkaure with your staff of fire.
Menkaure points at you and mumbles some strange words.
You barely resist.
You closely miss Menkaure with your staff of fire.
Menkaure is almost destroyed.
You hit Menkaure but do no damage. Menkaure hits you!
You die...

#### ...# ##...#
###### ##....#
#....######.....#
#.>....##.......#
#..............#
#..........#@M.#
##.......#######
######.....(##
..##........#
........#####
....†..##
.....###
....##########
#.#####......#


You could see Menkaure (fast).

Vanquished Creatures
  A kobold brigand (D:4)
  4 gnolls (D:3)
  2 adders (D:3)
  3 dart slugs
  An orc (D:3)
  11 bats
  6 endoplasms
  A giant cockroach (D:4)
  4 goblins
  7 hobgoblins
  3 jackals (D:3)
  2 quokkas (D:1)
  4 ball pythons
  4 frilled lizards
  7 kobolds
  7 rats
67 creatures vanquished.

Notes
Turn   | Place    | Note
-------+----------+-------------------------------------------
     0 | D:1      | Spelguru the Coglin Alchemist began the quest for the Orb.
     0 | D:1      | Reached XP level 1. HP: 13/13 MP: 3/3
   105 | D:1      | Reached XP level 2. HP: 19/19 MP: 0/4
   752 | D:1      | Found Tammovoel's Jewellery Shoppe.
   777 | D:1      | Reached skill level 4 in Alchemy
  1145 | D:2      | Reached XP level 3. HP: 20/24 MP: 5/5
  1763 | D:3      | Reached skill level 1 in Staves
  1848 | D:3      | Reached XP level 4. HP: 19/30 MP: 7/7
  1860 | D:3      | HP: 1/30 [gnoll/+0 whip (4)]
  2122 | D:3      | Reached skill level 1 in Conjurations
  2573 | D:4      | Reached XP level 5. HP: 36/36 MP: 8/8
  2606 | D:4      | Noticed a kobold brigand
  2635 | D:4      | Killed a kobold brigand
  2636 | D:4      | Reached skill level 1 in Short Blades
  2692 | D:4      | Learned a level 2 spell: Mercury Vapours
  2697 | D:4      | Learned a level 4 spell: Olgreb's Toxic Radiance
  2909 | D:4      | Found an ornate altar of the Wu Jian Council.
  2961 | D:4      | Found a sparkling altar of Nemelex Xobeh.
  3080 | D:4      | Noticed Menkaure
  3217 | D:4      | HP: 1/36 [Menkaure (18)]
  3219 | D:4      | Mangled by Menkaure

Illustrated notes

Levels and vault maps discovered:
D:1:      nicolae_arrival_memento_mori, layout_loops_corners, serial_shops, shop
D:2:      layout_rooms, hangedman_abyss_or_decor_lesser_grid,
          minmay_misc_feat_square
D:3:      layout_basic, minmay_misc_feat_rugged, chequers_garden,
          roderic_batcave, kennysheep_decorative_pillar
D:4:      layout_cave_pods, mainiacjoe_overflow_concentric_impassable,
          mainiacjoe_overflow_six_doors_small, abandoned_shop,
          lexackson_kobold_supper, uniq_menkaure

Skill      XL: |  1  2  3  4  5 |
---------------+----------------+-----
Dodging        | 2 |  2.3
Alchemy        | 4 |  4.2
Spellcasting   | 2 |  2.2
Staves         | 1 2 |  2.0
Stealth        | 2 |  2.3
Conjurations   | 1 |  1.3
Short Blades   | 1 |  1.3
Fighting       | |  0.9

Action                     |  1- 3 |  4- 6 || total
---------------------------+-------+-------++-------
  Melee: Unarmed           |     6 |       ||     6
         Dagger            |    69 |    67 ||   136
         Staff             |    59 |    64 ||   123
   Cast: Sting             |    18 |    29 ||    47
         Mercury Vapours   |       |     2 ||     2
    Use: Scroll            |     4 |     2 ||     6
         Potion            |       |     1 ||     1
   Stab: Sleeping          |     5 |     3 ||     8
         Distracted        |       |     1 ||     1
 Armour: Robe              |    36 |    53 ||    89
         Skin              |    11 |       ||    11
  Dodge: Dodged            |    55 |    68 ||   123
         Form:             |     1 |       ||     1
         Beast             |     1 |       ||     1

Table legend: (Time is in decaauts)
 A = Elapsed time spent in this place.
 B = Non-inter-level travel time spent in this place.
 C = Inter-level travel time spent in this place.
 D = Time resting spent in this place.
 E = Time spent auto-exploring this place.
 F = Levels seen in this place.
 G = Mean time per level.
                   A        B        C        D        E       F      G
               +--------+--------+--------+--------+--------+-----+--------+
         Total |   3204 |   3150 |     54 |    297 |   2005 |   4 |  801.0 |
       Dungeon |   3204 |   3150 |     54 |    297 |   2005 |   4 |  801.0 |
               +--------+--------+--------+--------+--------+-----+--------+

Top non-repeatable levels by time:
     D:1: 1134 daAuts
     D:3: 973 daAuts
     D:4: 648 daAuts
     D:2: 448 daAuts
